 Dungeon Crawl Stone Soup version 0.17.1-3-g152610e (webtiles) character file.

1751 juanjsm the Covert (level 8, -8/39 HPs)
             Began as a Spriggan Enchanter on Apr 5, 2016.
             Was a Follower of Ashenzari.
             Mangled by an ice beast (12 damage)
             ... on level 6 of the Dungeon.
             The game lasted 00:23:35 (4705 turns).

juanjsm the Covert (Spriggan Enchanter)             Turns: 4705, Time: 00:23:36

Health: -8/39      AC:  4    Str:  4    XL:     8   Next: 78%
Magic:  1/27       EV: 21    Int: 19    God:    Ashenzari [*.....]
Gold:   181        SH:  0    Dex: 16    Spells: 4 memorised, 10 levels left

rFire  . . .     SeeInvis +     a - +1 dagger (curse)
rCold  . . .     Clarity  .     b - +1 robe
rNeg   . . .     SustAt   .     (shield restricted)
rPois  .         Gourm    .     (helmet restricted)
rElec  .         Spirit   .     e - +0 cloak (curse)
rCorr  .         Warding  .     (gloves unavailable)
rMut   .         Stasis   .     (boots unavailable)
MR     +....                    (no amulet)
Stlth  +++++.....               s - ring of magical power (curse)
                                j - ring of wizardry

@: invisible, very quick, somewhat resistant to hostile enchantments, quite
stealthy
A: unfitting armour, see invisible, herbivore 3, speed 3, slow metabolism 2
a: Scrying, Renounce Religion


You were on level 6 of the Dungeon.
You worshipped Ashenzari.
Ashenzari was aware of your devotion.
You were not hungry.

You visited 1 branch of the dungeon, and saw 6 of its levels.

You collected 181 gold pieces.

Inventory:

Hand Weapons
 a - a cursed +1 dagger (weapon)
 r - a +2 short sword of venom
 w - the +2 whip "Kausec" {slash, MR+}
   (You found it on level 5 of the Dungeon)

   It inflicts extra damage upon your enemies.
   It affects your resistance to hostile enchantments.
Armour
 b - a +1 robe (worn)
 e - a cursed +0 cloak (worn)
Jewellery
 j - a ring of wizardry (left hand)
 s - a cursed ring of magical power (right hand)
Wands
 u - a wand of fireball (4)
 A - a wand of fire (5)
Scrolls
 g - 2 scrolls of fear {unknown}
 k - a scroll of magic mapping {unknown}
 l - a scroll of random uselessness {unknown}
 n - 2 scrolls of enchant weapon {unknown}
 o - 5 scrolls of identify {unknown}
 p - a scroll of noise {unknown}
 q - a scroll of fog {unknown}
 v - a scroll of teleportation {unknown}
 x - a scroll of enchant armour {unknown}
 y - 2 scrolls of remove curse
Potions
 f - a potion of might {unknown}
 h - a potion of heal wounds {unknown}
 i - a potion of invisibility
 m - 2 potions of magic {unknown}
 t - a potion of mutation {unknown}
 z - a potion of lignification {unknown}
 B - 2 potions of agility {unknown}
Books
 c - a book of Maledictions

   Spells                             Type                      Level
   a - Corona                         Hexes                        1
   b - Ensorcelled Hibernation        Hexes/Ice                    2
   c - Confuse                        Hexes                        3
   d - Tukima's Dance                 Hexes                        3
   e - Dazzling Spray                 Conjuration/Hexes            3
Comestibles
 d - 3 bread rations


   Skills:
 * Level 2.7 Fighting
 * Level 3.8 Short Blades
 * Level 6.2 Dodging
 * Level 10.9 Stealth
 * Level 6.3 Spellcasting
 + Level 0.3 Conjurations
 * Level 5.9 Hexes
 + Level 1.3 Ice Magic


You had 10 spell levels left.
You knew the following spells:

 Your Spells              Type           Power        Failure   Level  Hunger
a - Corona                Hex            ####...      1%          1    None
b - Ensorcelled Hibernat  Hex/Ice        ###...       1%          2    None
c - Confuse               Hex            ####....     1%          3    ##.....
d - Dazzling Spray        Conj/Hex       ###.....     4%          3    ##.....


Dungeon Overview and Level Annotations

Branches:
Dungeon (6/15)             Temple (0/1) D:4

Altars:
Ashenzari
Elyvilon
Kikubaaqudgha
Yredelemnul
Zin


Innate Abilities, Weirdness & Mutations

You are tiny and cannot use many weapons and most armour.
You have supernaturally acute eyesight.
You are a herbivore.
You cover ground extremely quickly.
You need consume almost no food.


Message History

The orc priest resists with significant effort.
The orc barely misses you. The orc warrior barely misses you.
The ice beast misses you. The orc priest closely misses you.
You hit the ice beast but do no damage.
The ice beast is lightly wounded.
The orc barely misses you. The ice beast barely misses you.
The orc warrior misses you.
You hit the ice beast but do no damage.
The ice beast is lightly wounded.
The orc warrior is no longer blind.
The orc priest closely misses you.
The orc hits you from afar with a trident.
* * * LOW HITPOINT WARNING * * *
You are too injured to fight recklessly!
Drink which item? (? for menu, Esc to quit)
It was a potion of invisibility.
You fade into invisibility!
The ice beast hits you.
* * * LOW HITPOINT WARNING * * *
The ice beast freezes you!
You die...

..# .# ###.##
... .. #.#
.... ### #.#
....
.######.####
.(.#.
#..........##
......))....##
..<..o.....>.#
.......oY....#
..$...o@....!#
...(..)......#
.............#
......$.....##
#..........##
....#####.##
###. .# # .#


You could see an orc warrior, an ice beast, an orc priest and an orc.

Vanquished Creatures
  Sigmund (D:6)
  Eustachio (D:5)
  A hippogriff (D:5)
  Duvessa (D:5)
  3 sky beasts (D:5)
  A black bear (D:5)
  A centaur (D:6)
  An ogre (D:5)
  An orc warrior (D:6)
  Dowan (D:5)
  A quasit (D:5)
  2 hounds
  2 orc priests
  A crimson imp (D:5)
  2 iguanas
  2 orc wizards
  4 worker ants
  A worker ant zombie (D:6)
  4 adders
  3 gnolls (D:4)
  An adder skeleton (D:4)
  An adder zombie (D:6)
  A worm (D:2)
  4 giant geckos
  10 orcs
  11 bats
  5 goblins
  6 hobgoblins
  6 kobolds
  5 quokkas
  3 giant cockroaches
  A giant gecko skeleton (D:4)
  3 giant newts
  5 jackals
  3 rats
99 creatures vanquished.

Vanquished Creatures (others)
  A human (D:3)
1 creature vanquished.

Grand Total: 100 creatures vanquished

Notes
Turn   | Place    | Note
--------------------------------------------------------------
     0 | D:1      | juanjsm the Spriggan Enchanter began the quest for the Orb.
     0 | D:1      | Reached XP level 1. HP: 9/9 MP: 5/5
   414 | D:1      | Reached XP level 2. HP: 8/13 MP: 4/6
   418 | D:1      | Learned a level 2 spell: Ensorcelled Hibernation
   988 | D:2      | Reached XP level 3. HP: 17/17 MP: 8/8
   993 | D:2      | Reached skill level 5 in Stealth
   998 | D:2      | Learned a level 3 spell: Confuse
  1223 | D:2      | Found a shattered altar of Ashenzari.
  1230 | D:2      | Became a worshipper of Ashenzari the Shackled
  1724 | D:3      | Reached XP level 4. HP: 21/21 MP: 6/9
  2134 | D:3      | Reached skill level 6 in Stealth
  2157 | D:3      | Found an ancient bone altar of Kikubaaqudgha.
  2160 | D:3      | Noticed a human
  2162 | D:3      | Killed a human
  2309 | D:4      | Reached XP level 5. HP: 10/25 MP: 0/10
  2314 | D:4      | Learned a level 3 spell: Dazzling Spray
  2590 | D:4      | Reached skill level 1 in Fighting
  2825 | D:4      | Reached * piety under Ashenzari
  3133 | D:4      | Found a staircase to the Ecumenical Temple.
  3362 | D:5      | Entered Level 5 of the Dungeon
  3436 | D:5      | Noticed Eustachio
  3444 | D:5      | Noticed a sky beast
  3452 | D:5      | Killed a sky beast
  3452 | D:5      | Reached skill level 7 in Stealth
  3452 | D:5      | Reached XP level 6. HP: 30/30 MP: 12/12
  3474 | D:5      | Killed Eustachio
  3496 | D:5      | Reached skill level 8 in Stealth
  3506 | D:5      | Reached XP level 7. HP: 24/34 MP: 0/14
  3509 | D:5      | Noticed a black bear
  3624 | D:5      | Identified the +2 whip "Kausec" {slash, MR+}
  3639 | D:5      | Noticed a hippogriff
  3644 | D:5      | Killed a hippogriff
  3644 | D:5      | Reached skill level 5 in Hexes
  3655 | D:5      | Found a white marble altar of Elyvilon.
  3700 | D:5      | Noticed an ogre
  3707 | D:5      | Killed an ogre
  3707 | D:5      | Reached skill level 5 in Dodging
  3709 | D:5      | Reached skill level 1 in Ice Magic
  3766 | D:5      | Noticed a sky beast
  3773 | D:5      | Killed a sky beast
  3773 | D:5      | Reached skill level 9 in Stealth
  3773 | D:5      | Reached skill level 5 in Spellcasting
  3814 | D:5      | Found a basalt altar of Yredelemnul.
  3900 | D:5      | Killed a black bear
  3900 | D:5      | Reached XP level 8. HP: 37/39 MP: 14/16
  3936 | D:5      | Found a glowing silver altar of Zin.
  3991 | D:5      | Noticed Dowan
  3991 | D:5      | Noticed a sky beast
  3992 | D:5      | Noticed Duvessa
  4102 | D:5      | Killed Duvessa
  4105 | D:5      | Killed Dowan
  4105 | D:5      | Reached skill level 10 in Stealth
  4432 | D:5      | Killed a sky beast
  4680 | D:6      | Noticed Sigmund
  4696 | D:6      | Killed Sigmund
  4705 | D:6      | Mangled by an ice beast

Action                   |  1- 3 |  4- 6 |  7- 9 || total
-------------------------+-------+-------+-------++-------
Melee: Dagger            |   106 |    68 |    61 ||   235
 Cast: Corona            |     8 |       |       ||     8
       Ensorcelled Hiber |    19 |    23 |    17 ||    59
       Confuse           |       |     7 |    17 ||    24
       Dazzling Spray    |       |     2 |     8 ||    10
  Use: Scroll            |       |     3 |       ||     3
       Potion            |       |       |     1 ||     1
 Stab: Sleeping          |    30 |    23 |    16 ||    69
       Confused          |       |     6 |     8 ||    14
       Invisible         |       |       |     3 ||     3
  Eat: Bread ration      |       |     1 |       ||     1
